 Dungeon Crawl Stone Soup version 0.29.1-2-gbd0b4ee654 (webtiles) character file.

Game seed: 4732731641881771891

4997 safid the Skirmisher (level 10, -5/88 HPs)
             Began as a Minotaur Hunter on Oct 24, 2022.
             Was a Priest of Okawaru.
             Killed by divine providence
             ... invoked by an orc priest
              (12 damage)
             ... on level 8 of the Dungeon on Oct 25, 2022.
             The game lasted 00:17:23 (10954 turns).

safid the Skirmisher (Minotaur Hunter)             Turns: 10954, Time: 00:17:24

Health: -5/88      AC: 10    Str: 21    XL:     10   Next: 29%
Magic:  12/12      EV: 11    Int:  6    God:    Okawaru [***...]
Gold:   49         SH:  0    Dex: 19    Spells: 9/9 levels left

rFire   . . .      SeeInvis +   a - +0 shortbow
rCold   . . .      Faith    .   (shield currently unavailable)
rNeg    . . .      Spirit   .   r - +0 swamp dragon scales
rPois   +          Reflect  .   (helmet restricted)
rElec   .          Harm     .   (no cloak)
rCorr   .          Rampage  .   (no gloves)
Will    .....                   c - +2 pair of boots
Stlth   +.........              (no amulet)
HPRegen 0.24/turn               f - +6 ring of strength
MPRegen 0.13/turn               v - ring of see invisible

@: no status effects
A: horns 2, retaliatory headbutt
a: Renounce Religion, Heroism


You were on level 8 of the Dungeon.
You worshipped Okawaru.
Okawaru was most pleased with you.
You visited 2 branches of the dungeon, and saw 9 of its levels.
You also visited: Sewer.

You collected 391 gold pieces.
You spent 342 gold pieces at shops.

Inventory:

Hand Weapons
 a - a +0 shortbow (weapon)
Missiles
 k - 2 throwing nets
Armour
 c - a +2 pair of boots (worn)
 q - a +3 leather armour of willpower
 r - +0 swamp dragon scales (worn)
Jewellery
 f - a +6 ring of strength (left hand)
 v - a ring of see invisible (right hand)
Wands
 e - a wand of roots (11)
 o - a wand of light (10)
 p - a wand of flame (13)
 t - a wand of charming (12)
Scrolls
 d - 4 scrolls of teleportation
 j - 2 scrolls of enchant armour
 l - 2 scrolls of enchant weapon
 n - 2 scrolls of blinking
 x - 2 scrolls of fear
 y - a scroll of magic mapping {unknown}
Potions
 b - 5 potions of flight
 g - a potion of ambrosia
 h - 5 potions of curing
 i - a potion of resistance
 m - a potion of magic
 s - a potion of brilliance {unknown}
 u - a potion of mutation {unknown}
 w - 2 potions of might


   Skills:
 - Level 8.0 Fighting
 + Level 14.6 Ranged Weapons
 - Level 2.1 Dodging
 - Level 0.7 Stealth
 + Level 4.6 Invocations


You had 9 spell levels left.
You didn't know any spells.
Your spell library contained the following spells:

 Spells                   Type           Power      Damage    Failure   Level
 Freeze                   Ice            0%         1d3       63%         1
 Necrotise                Necr           0%         1d4       63%         1
 Frozen Ramparts          Ice            0%         1d1       94%         3
 Vampiric Draining        Necr           0%         2d6       94%         3
 Hailstorm                Conj/Ice       0%         3d3       100%        4
 Passage of Golubria      Tloc           0%         N/A       100%        4
 Agony                    Necr           0%         N/A       100%        5
 Freezing Cloud           Conj/Ice/Air   0%         6-21      100%        5
 Yara's Violent Unravell  Hex/Tmut       0%         3d3       100%        5
 Polar Vortex             Ice            0%         N/A       100%        9
 Tukima's Dance           Hex            Unusable   N/A       N/A         3
 Simulacrum               Ice/Necr       Unusable   N/A       N/A         6

Dungeon Overview and Level Annotations

Branches:
Dungeon (8/15)             Temple (1/1) D:6           Sewer (visited)
   Lair: D:8-11

Altars:
Ashenzari
Cheibriados
Dithmenos
Elyvilon
Fedhas
Gozag
Hepliaklqana
Makhleb
Okawaru
Qazlal
Ru
Sif Muna
Trog
Uskayaw
Vehumet
Wu Jian
Xom
Yredelemnul
Zin
The Shining One

Shops:
D:4 (

Annotations:
D:7 3 runed translucent doors, GloriousHammer's ghost, novice FeSu


Innate Abilities, Weirdness & Mutations

You have a pair of horns on your head.
You reflexively headbutt those who attack you in melee.


Message History

Unknown command.
Fire: a) +0 shortbow
Press: ? - help, Q - select action, (/) - cycle Shift-Dir - straight line, f/p - orc priest
Aim: an orc priest, wielding a +0 club (71% to hit)
You shoot an arrow.
The arrow completely misses the orc priest.
Unknown command.
Fire: a) +0 shortbow
Press: ? - help, Q - select action, (/) - cycle Shift-Dir - straight line, f/p - orc priest
Aim: an orc priest, wielding a +0 club (71% to hit)
You shoot an arrow.
The arrow closely misses the orc priest.
Unknown command.
Fire: a) +0 shortbow
Press: ? - help, Q - select action, (/) - cycle Shift-Dir - straight line, f/p - orc priest
Aim: an orc priest, wielding a +0 club (71% to hit)
You shoot an arrow.
The arrow closely misses the orc priest.
Unknown command.
The orc priest attacks as you move away!
The orc priest completely misses you. You furiously retaliate!
You headbutt the orc priest!
The orc priest attacks as you move away!
The orc priest hits you but does no damage.
The orc priest attacks as you move away!
The orc priest hits you but does no damage.
The orc priest attacks as you move away!
The orc priest hits you with a +0 club.
The orc priest calls down the wrath of Beogh upon you.
Beogh smites you!
The orc priest calls down the wrath of Beogh upon you.
Beogh smites you!
* * * LOW HITPOINT WARNING * * *
The orc priest looks satisfied for a moment.
The orc priest invokes the aid of Beogh against you.
Pain shoots through your body!
* * * LOW HITPOINT WARNING * * *
The orc priest mumbles some strange prayers to Beogh against you.
Beogh smites you!
You die...

.......#.#........##..
.......#.###......#...
##oo.###...##...
#......###.#.... #..
##........#####.. ##..
#...........#.### #...
##..........##...# #...
#.....8.....#..... ##...
#@.........##.....
#................#......
..#..###........##......
#..O.###......#.....8.
#......###...##.......
#..)#..)...###..........
....).......##.#####......
.........#..##.....###....
....#..#.....#.....#####..


You could see an orc warrior and an orc priest.

Vanquished Creatures
  A cyclops (D:8)
  Maggie (D:7)
  Prince Ribbit (D:6)
  Sigmund (D:3)
  A steam dragon (D:8)
  A warg (D:8)
  Duvessa (D:7)
  2 water moccasins
  An orc warrior (D:6)
  A sky beast (D:7)
  3 ice beasts
  An ogre (D:7)
  A black bear (D:6)
  A centaur (D:8)
  3 kobold brigands
  4 bullfrogs (D:8)
  A scorpion (D:7)
  3 necrophages
  14 wights
  Dowan (D:7)
  9 orc priests
  3 hounds
  2 jellies
  6 iguanas
  Jessica (D:3)
  Ijyb (D:3)
  7 orc wizards
  A mummy (D:7)
  Robin (D:3)
  9 gnolls
  15 adders
  2 river rats (Sewer)
  2 white imps (D:7)
  4 ufetubi (D:5)
  2 worms
  23 orcs
  13 ball pythons
  4 endoplasms
  10 giant cockroaches
  14 goblins
  5 hobgoblins
  3 jackals
  9 quokkas
  17 bats
  5 frilled lizards
  A goblin zombie (D:7)
  16 kobolds
  An orc zombie (D:7)
  7 rats
236 creatures vanquished.

Vanquished Creatures (others)
  A plant (D:1)
1 creature vanquished.

Grand Total: 237 creatures vanquished

Notes
Turn   | Place    | Note
-------+----------+-------------------------------------------
     0 | D:1      | safid the Minotaur Hunter began the quest for the Orb.
     0 | D:1      | Reached XP level 1. HP: 18/18 MP: 0/0
   133 | D:1      | Reached XP level 2. HP: 24/25 MP: 1/1
   587 | D:1      | Found a faded altar of an unknown god.
   590 | D:1      | Reached XP level 3. HP: 31/31 MP: 2/2
   594 | D:1      | Reached skill level 5 in Ranged Weapons
  1339 | D:2      | Reached XP level 4. HP: 40/40 MP: 3/3
  2157 | D:3      | Noticed Sigmund
  2168 | D:3      | Killed Sigmund
  2169 | D:3      | Reached skill level 5 in Fighting
  2169 | D:3      | Reached skill level 6 in Ranged Weapons
  2169 | D:3      | Reached XP level 5. HP: 38/50 MP: 4/4
  2169 | D:3      | Reached XP level 6. HP: 43/57 MP: 5/5
  2476 | D:3      | Noticed Robin
  2477 | D:3      | Identified the +9 trident of Crystal {spect, *Corrode rC+
                  | rN++ Str+2}
  2492 | D:3      | Killed Robin
  2743 | D:3      | Noticed Ijyb
  2758 | D:3      | Killed Ijyb
  2964 | D:3      | Noticed Jessica
  2972 | D:3      | Killed Jessica
  2978 | D:3      | Found a shimmering blue altar of Sif Muna.
  3479 | D:4      | Reached skill level 7 in Ranged Weapons
  3518 | D:4      | Found a glowing drain.
  3530 | Sewer    | Entered a sewer
  3759 | Sewer    | Reached XP level 7. HP: 36/64 MP: 6/6
  4282 | D:4      | Found a snail-covered altar of Cheibriados.
  4397 | D:4      | Found Fiqiemn's Weapon Shop.
  4805 | D:5      | Entered Level 5 of the Dungeon
  5232 | D:5      | Found a stormy altar of Qazlal.
  5243 | D:5      | Reached skill level 8 in Ranged Weapons
  5370 | D:5      | Found Emmev's Magic Scroll Shop.
  5378 | D:5      | Bought a scroll of identify for 24 gold pieces
  5378 | D:5      | Bought a scroll of identify for 24 gold pieces
  5378 | D:5      | Bought a scroll of identify for 24 gold pieces
  5378 | D:5      | Bought a scroll of identify for 24 gold pieces
  5378 | D:5      | Bought a scroll of blinking for 90 gold pieces
  5378 | D:5      | Bought a scroll of vulnerability for 48 gold pieces
  5378 | D:5      | Bought a scroll of noise for 12 gold pieces
  5378 | D:5      | Bought a scroll of fear for 48 gold pieces
  6518 | D:6      | Reached XP level 8. HP: 59/74 MP: 7/7
  6610 | D:6      | Reached skill level 9 in Ranged Weapons
  6866 | D:5      | Bought a scroll of fear for 48 gold pieces
  6909 | D:6      | Reached skill level 10 in Ranged Weapons
  6986 | D:6      | Found a burning altar of Makhleb.
  7040 | D:6      | Noticed Prince Ribbit
  7049 | D:6      | Killed Prince Ribbit
  7100 | D:6      | Reached skill level 11 in Ranged Weapons
  7250 | D:6      | Found a staircase to the Ecumenical Temple.
  7263 | Temple   | Entered the Ecumenical Temple
  7306 | Temple   | Became a worshipper of Warmaster Okawaru
  7645 | D:7      | Reached XP level 9. HP: 34/75 MP: 8/8
  7685 | D:7      | Noticed Maggie
  8025 | D:7      | Reached skill level 12 in Ranged Weapons
  8221 | D:7      | Killed Maggie
  8221 | D:7      | Reached * piety under Okawaru
  8565 | D:7      | Reached skill level 13 in Ranged Weapons
  8577 | D:7      | Found a runed translucent gate.
  8577 | D:7      | Found a runed translucent gate.
  8577 | D:7      | Found a runed translucent gate.
  8711 | D:7      | Found a glowing golden altar of the Shining One.
  8713 | D:7      | Noticed Duvessa
  8713 | D:7      | Noticed Dowan
  8733 | D:7      | Killed Duvessa
  8735 | D:7      | Killed Dowan
  9153 | D:7      | Noticed GloriousHammer's ghost (novice FeSu)
  9457 | D:8      | Found a sacrificial altar of Ru.
  9491 | D:8      | Reached ** piety under Okawaru
  9492 | D:8      | Reached skill level 1 in Invocations
  9697 | D:8      | Reached skill level 14 in Ranged Weapons
  9822 | D:8      | Noticed a two-headed ogre
 10367 | D:8      | Reached XP level 10. HP: 84/88 MP: 11/11
 10383 | D:8      | Noticed a cyclops
 10396 | D:8      | Killed a cyclops
 10396 | D:8      | Reached *** piety under Okawaru
 10954 | D:8      | Killed from afar by an orc priest

Illustrated notes

Levels and vault maps discovered:
D:1:      minmay_arrival_stone_box, layout_basic,
          shapermc_ecumenical_altar_starsandcircs, serial_bayou_pond_a
D:2:      layout_basic, nicolae_titane
D:3:      layout_basic, tgw_sif, uniq_robin, uniq_ijyb, uniq_sigmund
D:4:      layout_basic, slow_altar_2, serial_shops, nicolae_shop_hallway_plus,
          portal_sewer_entry_f
D:5:      layout_basic, mainiacjoe_overflow_tiny_flanked, grunt_ministairs_10,
          nicolae_stop_n_shop_2
D:6:      layout_cave_pools, makhleb_heckhound_becter,
          minmay_temple_entry_fiery, hangedman_decor_clover_reticule,
          uniq_prince_ribbit1
D:7:      layout_loops_ring, mainiacjoe_overflow_24_doors,
          nicolae_ossuary_entry_giza, gammafunk_ghost_icy,
          minmay_misc_feat_rows, uniq_maggie, uniq_duvessa
D:8:      minmay_skewed_foursquare, layout_rooms,
          nicolae_ru_great_annihilating_truth, erik_lair_orcish_takeover
Temple:   compressed_dpeg_circular_temple

Skill      XL: |  1  2  3  4  5  6  7  8  9 10 |
---------------+-------------------------------+-----
Fighting       | 3 4 5 6 8 |  8.0
Ranged Weapons | 5 6 7 8 11 14 | 14.6
Invocations    | 3 4 |  4.6
Dodging        | |  2.1
Stealth        | |  0.7

Action                   |  1- 3 |  4- 6 |  7- 9 | 10-12 || total
-------------------------+-------+-------+-------+-------++-------
 Fire: Shortbow          |    95 |   205 |   482 |   116 ||   898
Evoke: Wand              |       |       |     1 |       ||     1
  Use: Scroll            |       |       |    10 |       ||    10
       Potion            |       |       |     3 |       ||     3
Armor: Leather armour    |    14 |    36 |    80 |       ||   130
       Swamp dragon scal |       |       |    19 |    27 ||    46
Dodge: Dodged            |    28 |    84 |   154 |    24 ||   290
